 Dungeon Crawl Stone Soup version 0.24.0-125-gc4c63601f3 (webtiles) character file.

Game seed: 2308125166122872639, levelgen mode: deterministic

1181 1994 the Grave Robber (level 8, -5/60 HPs)
             Began as a Formicid Necromancer on Mar 3, 2020.
             Blown up by Joseph (31 damage)
             ... with a disintegration bolt
             ... on level 7 of the Dungeon.
             The game lasted 00:21:10 (7587 turns).

1994 the Grave Robber (Formicid Necromancer)        Turns: 7587, Time: 00:21:11

Health: -5/60      AC:  6    Str: 14    XL:     8   Next: 70%
Magic:  2/14       EV: 11    Int: 16    God:
Gold:   288        SH:  5    Dex: 11    Spells: 3/15 levels left

rFire    . . .     SeeInvis +   a - +1 quarterstaff (speed)
rCold    . . .     Gourm    .   (no shield)
rNeg     . . .     Faith    .   B - +0 ring mail
rPois    .         Spirit   .   (helmet unavailable)
rElec    .         Reflect  +   (no cloak)
rCorr    .         Harm     .   (no gloves)
MR       .....                  z - +0 pair of boots
Stlth    ++........             b - +5 amulet of reflection
HPRegen  0.20/turn              (no ring)
MPRegen  0.14/turn              (no ring)

@: no status effects
A: permanent stasis, dig shafts and tunnels, four strong arms, antennae 3
a: Dig, Shaft Self


You were on level 7 of the Dungeon.
You were not hungry.

You visited 2 branches of the dungeon, and saw 8 of its levels.

You collected 288 gold pieces.

Inventory:

Hand Weapons
 a - a +1 quarterstaff of speed (weapon)
Missiles
 e - 171 stones
 u - 40 poisoned darts (quivered)
 v - 69 sling bullets
Armour
 z - a +0 pair of boots (worn)
 B - a +0 ring mail (worn)
Jewellery
 b - a +5 amulet of reflection (around neck)
 A - an uncursed ring of ice
Wands
 r - a wand of enslavement (11)
Scrolls
 d - 2 scrolls of remove curse
 f - 3 scrolls of magic mapping
 i - a scroll of enchant armour {unknown}
 j - a scroll of fear {unknown}
 k - a scroll of fog
 l - a scroll of enchant weapon
 n - a scroll of noise {unknown}
 q - a scroll of random uselessness {unknown}
Potions
 g - 6 potions of curing
 h - a potion of cancellation {unknown}
 m - 2 potions of mutation
 o - a potion of invisibility
 p - a potion of agility {unknown}
 s - a potion of heal wounds {unknown}
 t - 2 potions of lignification
 w - 2 potions of might
 x - 2 potions of flight
Comestibles
 c - 8 rations


   Skills:
 + Level 3.7 Fighting
 * Level 3.3 Staves
 - Level 1.7 Dodging
 + Level 5.4 Stealth
 + Level 4.3 Spellcasting
 - Level 3.0 Charms
 * Level 6.7 Necromancy


You had 3 spell levels left.
You knew the following spells:

 Your Spells              Type           Power        Failure   Level  Hunger
a - Pain                  Necr           ####         2%          1    None
b - Animate Skeleton      Necr           N/A          2%          1    None
c - Vampiric Draining     Necr           ####......   6%          3    ###....
d - Regeneration          Chrm/Necr      ###.......   14%         3    ###....
e - Animate Dead          Necr           N/A          22%         4    ####...

Your spell library contained the following spells:

 Spells                   Type           Power        Failure   Level  Hunger


Dungeon Overview and Level Annotations

Branches:
Dungeon (7/15)             Temple (1/1) D:5

Altars:
Ashenzari
Dithmenos
Elyvilon
Fedhas
Gozag
Makhleb
Nemelex Xobeh
Okawaru
Qazlal
Ru
Sif Muna
Trog
Vehumet
Wu Jian
Xom
Yredelemnul
Zin
The Shining One

Shops:
D:5 }   D:6 %

Annotations:
D:7 Joseph


Innate Abilities, Weirdness & Mutations

You cannot be hasted, slowed, berserked, paralysed or teleported.
You can dig through walls and to a lower floor.
Your four strong arms can wield two-handed weapons with a shield.
You have a pair of large antennae on your head. (SInv)


Message History

You feel life coursing into your body. Joseph hits you with a +0 quarterstaff.
Casting: Vampiric Draining (safe; 6% risk of failure)
Confirm with . or Enter, or press ? or * to list all spells.
Aiming: Vampiric Draining (safe; 6% risk of failure)
Press: ? - help, Shift-Dir - straight line, f/p - Joseph
Aim: Joseph, wielding a +0 quarterstaff, wearing a +0 leather armour and carrying a wand of disintegration (10) (severely wounded) Joseph is severely wounded.
You feel life coursing into your body. Joseph hits you with a +0 quarterstaff!
Casting: Vampiric Draining (safe; 6% risk of failure)
Confirm with . or Enter, or press ? or * to list all spells.
Aiming: Vampiric Draining (safe; 6% risk of failure)
Press: ? - help, Shift-Dir - straight line, f/p - Joseph
Aim: Joseph, wielding a +0 quarterstaff, wearing a +0 leather armour and carrying a wand of disintegration (10) (severely wounded) Joseph is almost dead.
You feel life coursing into your body.
You closely miss Joseph.
Joseph is almost dead.
Joseph zaps a wand.
You are blasted!
Ouch! That really hurt!
You die...

....... #.....
#....### {
#......# #..<#
##.## . #.# #.#
...
.....#.####.....
#.......@.......
#........@.....(
#...............
#...............
#..>......>.....
#.........>#####
############


You could see Joseph.

Vanquished Creatures
  A sky beast (D:5)
  An orc warrior (D:6)
  A phantom (D:6)
  2 ogres (D:4)
  A centaur (D:6)
  3 wights (D:6)
  A crimson imp (D:5)
  A quasit (D:6)
  A bullfrog skeleton (D:6)
  An orc priest (D:6)
  A jelly (D:6)
  An orc wizard (D:6)
  6 worker ants
  A hound skeleton (D:4)
  3 gnolls (D:4)
  A howler monkey skeleton (D:6)
  5 adders
  A shadow imp (D:6)
  2 oozes
  3 adder skeletons
  2 dart slugs (D:1)
  2 leopard geckos
  6 orcs
  9 giant cockroaches
  5 hobgoblins
  7 jackals
  4 quokkas
  3 bats
  8 frilled lizards
  3 goblins
  5 kobolds
  2 quokka skeletons
  3 rats
96 creatures vanquished.

Vanquished Creatures (collateral kills)
  A worm (D:2)
  A frilled lizard (D:2)
  A rat (D:2)
3 creatures vanquished.

Grand Total: 99 creatures vanquished

Notes
Turn   | Place    | Note
-------+----------+-------------------------------------------
     0 | D:1      | 1994 the Formicid Necromancer began the quest for the Orb.
     0 | D:1      | Reached XP level 1. HP: 13/13 MP: 3/3
    79 | D:1      | Learned a level 1 spell: Animate Skeleton
   435 | D:1      | Reached XP level 2. HP: 17/20 MP: 0/5
  1387 | D:2      | Reached XP level 3. HP: 22/25 MP: 6/6
  1391 | D:2      | Reached skill level 1 in Fighting
  1818 | D:2      | Learned a level 3 spell: Vampiric Draining
  2120 | D:2      | Reached XP level 4. HP: 31/32 MP: 7/7
  2257 | D:2      | Learned a level 3 spell: Regeneration
  2330 | D:2      | Found an ornate altar of the Wu Jian Council.
  3261 | D:4      | Reached XP level 5. HP: 28/38 MP: 2/9
  3355 | D:4      | Reached skill level 5 in Necromancy
  3586 | D:4      | Noticed an ogre
  3745 | D:4      | Found a burning altar of Makhleb.
  3999 | D:4      | Reached skill level 1 in Charms
  4095 | D:4      | Reached XP level 6. HP: 9/44 MP: 3/10
  4598 | D:4      | Killed an ogre
  4698 | D:4      | Noticed an ogre
  4813 | D:4      | Killed an ogre
  4813 | D:4      | Reached XP level 7. HP: 29/51 MP: 2/12
  5035 | D:5      | Entered Level 5 of the Dungeon
  5116 | D:5      | Found a staircase to the Ecumenical Temple.
  5125 | Temple   | Entered the Ecumenical Temple
  5211 | D:5      | Reached skill level 1 in Staves
  5255 | D:5      | Found Asyeluup's Gadget Boutique.
  5265 | D:5      | Learned a level 4 spell: Animate Dead
  5716 | D:5      | Found a white marble altar of Elyvilon.
  5964 | D:6      | Reached skill level 6 in Necromancy
  6190 | D:6      | Reached XP level 8. HP: 35/58 MP: 11/13
  6341 | D:6      | Reached skill level 5 in Stealth
  6390 | D:6      | Found Nunnem's Food Boutique.
  7574 | D:7      | Noticed Joseph
  7587 | D:7      | Blown up by Joseph

Levels and vault maps discovered:
D:1:      nzn_arrival_crosshair, layout_loops_ring, minmay_worlds_worst_comb
D:2:      layout_basic, lemuel_round_altar
D:3:      layout_loops_ring, grunt_ministairs_11
D:4:      layout_basic, lemuel_crystal_altar, first_ration
D:5:      layout_basic, elyvilon_altar_4, minmay_temple_entry_antechambers,
          serial_shops, shop
D:6:      layout_loops_ring, serial_shops, nicolae_shop_window_shopping
D:7:      layout_rooms, nicolae_ossuary_entry_false_entrances, uniq_joseph
Temple:   eino_wide_crystal_templ

Skill      XL: |  1  2  3  4  5  6  7  8 |
---------------+-------------------------+-----
Fighting       | 1 2 3 |  3.7
Stealth        | 3 4 5 |  5.4
Spellcasting   | 3 4 |  4.3
Necromancy     | 5 6 |  6.7
Charms         | 1 2 3 |  3.0
Staves         | 2 3 |  3.3
Dodging        | |  1.7

Action                   |  1- 3 |  4- 6 |  7- 9 || total
-------------------------+-------+-------+-------++-------
Melee: Dagger            |    80 |    91 |       ||   171
       Quarterstaff      |       |       |   192 ||   192
Throw: Stone             |     1 |     1 |       ||     2
       Dart              |       |    13 |     2 ||    15
 Cast: Pain              |    38 |    42 |    24 ||   104
       Animate Skeleton  |     6 |     1 |     1 ||     8
       Vampiric Draining |       |     7 |     7 ||    14
       Regeneration      |       |       |     1 ||     1
  Use: Scroll            |       |     9 |     6 ||    15
 Stab: Sleeping          |     4 |     3 |     6 ||    13
       Distracted        |       |       |     1 ||     1
  Eat: Chunk             |     4 |     6 |     6 ||    16
       Ration            |       |     1 |     1 ||     2
Armor: Leather armour    |    29 |     9 |       ||    38
       Ring mail         |       |    10 |    48 ||    58
Dodge: Dodged            |    51 |    54 |    73 ||   178
Block: Other             |       |       |    36 ||    36
